 Seeded DCSS version 0.30-a0-279-g4b46babb21 (webtiles) character file.

Game seed: 4790075131584116458 (custom seed)

6943 purpskrrrp the Marksant (level 11, -7/79 HPs)
             Began as a Formicid Hunter on Oct 16, 2022.
             Was an Elder of Ru.
             Mangled by a five-headed hydra (16 damage)
             ... on level 9 of the Dungeon.
             The game lasted 00:22:05 (9043 turns).

purpskrrrp the Marksant (Formicid Hunter)           Turns: 9043, Time: 00:22:05

Health: -7/79      AC:  8    Str: 15    XL:     11   Next: 28%
Magic:  11/11      EV: 12    Int: 16    God:    Ru [****..]
Gold:   591        SH:  0    Dex: 21    Spells: 10/10 levels left

rFire   . . .      SeeInvis +    o - +5 longbow of an ice cave {flame, +Blink rPois}
rCold   . . .      Faith    .    (no shield)
rNeg    . . .      Spirit   .    v - +3 leather armour "Jethyun" {Harm Stlth+}
rPois   +          Reflect  .    (helmet unavailable)
rElec   .          Harm     +    u - +0 cloak
rCorr   .          Rampage  +    s - +2 pair of gloves
Will    ++...                    e - +0 pair of boots {rampage}
Stlth   +++.......               (no amulet)
HPRegen 0.33/turn                B - +6 ring of intelligence
MPRegen 0.12/turn                C - ring of willpower

@: corroded, unable to read
A: permanent stasis, dig shafts and tunnels, antennae 3, inability to read after
injury 2, inability to use devices, four strong arms, mutation resistance 1,
robust 1
a: Dig, Shaft Self, Renounce Religion, Draw Out Power, Power Leap


You were on level 9 of the Dungeon.
You worshipped Ru.
Ru was greatly pleased with you.
You visited 2 branches of the dungeon, and saw 10 of its levels.
You also visited: Ossuary.

You collected 591 gold pieces.

Inventory:

Hand Weapons
 a - a +1 shortbow of venom
 o - the +5 longbow of an ice cave (weapon) {flame, +Blink rPois}
   (You acquired it on level 2 of the Dungeon)

   Any ammunition fired from it burns those it strikes, dealing additional fire
   damage.
   rPois:     It protects you from poison.
   +Blink:    It lets you blink.
 N - a +0 giant spiked club
Missiles
 I - a throwing net
Armour
 c - a +0 leather armour
 e - a +0 pair of boots of rampaging (worn)
 s - a +2 pair of gloves (worn)
 u - a +0 cloak (worn)
 v - the +3 leather armour "Jethyun" (worn) {Harm Stlth+}
   (You found it on level 5 of the Dungeon)

   Harm:      It increases damage dealt and taken.
   Stlth:     It makes you more stealthy.
 E - the +0 chain mail of Jogoleobb {rC- rN+++}
   (You found it on level 5 of the Dungeon)

   rC:        It makes you vulnerable to cold.
   rN:        It renders you almost immune to negative energy.
 F - a +0 robe of resistance
 H - +0 steam dragon scales
Jewellery
 y - a ring of fire
 B - a +6 ring of intelligence (left hand)
 C - a ring of willpower (right hand)
 K - a ring of ice
 M - a +4 ring of protection
Wands
 g - a wand of quicksilver (9)
 A - a wand of flame (17)
Scrolls
 b - 2 scrolls of immolation
 d - 4 scrolls of amnesia
 f - 3 scrolls of poison
 i - 6 scrolls of teleportation
 k - 3 scrolls of butterflies
 z - 3 scrolls of identify
 D - a scroll of enchant armour
 J - a scroll of magic mapping
 L - a scroll of summoning {unknown}
Potions
 h - 11 potions of curing
 j - 4 potions of flight
 l - 2 potions of resistance
 m - 3 potions of might
 n - 4 potions of brilliance
 p - 3 potions of degeneration
 r - 2 potions of cancellation
 t - 2 potions of berserk rage
 w - 4 potions of lignification
 x - a potion of magic
 G - 2 potions of attraction


   Skills:
 - Level 2.1 Fighting
 * Level 15.6 Ranged Weapons
 + Level 6.7 Armour
 - Level 1.7 Dodging
 - Level 1.2 Stealth


You had 10 spell levels left.
You didn't know any spells.
Your spell library contained the following spells:

 Spells                   Type           Power      Damage    Failure   Level
 Shock                    Conj/Air       0%         1d3       30%         1
 Sting                    Tmut/Pois      0%         1d3       30%         1
 Poisonous Vapours        Pois/Air       0%         N/A       41%         2
 Gell's Gravitas          Tloc           0%         N/A       65%         3
 Ozocubu's Armour         Ice            0%         N/A       65%         3
 Stone Arrow              Conj/Erth      0%         3d7       65%         3
 Teleport Other           Tloc           0%         N/A       65%         3
 Airstrike                Air            0%         2d(0-16)  96%         4
 Animate Armour           Summ/Erth      0%         N/A       96%         4
 Olgreb's Toxic Radiance  Pois           0%         N/A       96%         4
 Yara's Violent Unravell  Hex/Tmut       0%         3d3       100%        5
 Dispersal                Tloc           0%         N/A       100%        6
 Enfeeble                 Hex            0%         N/A       100%        7
 Ozocubu's Refrigeration  Ice            0%         4d7       100%        7
 Lehudib's Crystal Spear  Conj/Erth      0%         10d2      100%        8
 Swiftness                Air            Unusable   N/A       N/A         3

Dungeon Overview and Level Annotations

Branches:
Dungeon (9/15)             Temple (1/1) D:6            Lair (0/5) D:9
Ossuary (visited)
    Orc: D:9-12

Altars:
Ashenzari
Cheibriados
Dithmenos
Elyvilon
Fedhas
Gozag
Kikubaaqudgha
Makhleb
Nemelex Xobeh
Okawaru
Qazlal
Ru
Sif Muna
Trog
Uskayaw
Vehumet
Xom
Yredelemnul
The Shining One

Shops:
D:6 (

Annotations:
D:3 2 transporters
D:6 2 transporters
D:7 2 transporters, sirJeffrey23's ghost, novice HOFi
Temple 4 transporters


Innate Abilities, Weirdness & Mutations

You cannot be hasted, slowed, berserked, paralysed or teleported.
You can dig through walls and to a lower floor.
You have a pair of large antennae on your head. (SInv)
You sometimes lose the ability to read scrolls when taking damage.
You cannot study or use magical devices.
Your four strong arms can wield two-handed weapons with a shield.
You are somewhat resistant to further mutation.
You are robust. (+10% HP)


Message History

You feel threatened and lose the ability to read scrolls!
The five-headed hydra misses you.
The five-headed hydra bites you but does no damage.
The five-headed hydra bites you!
Fire: o) +5 longbow of an ice cave {flame, +Blink rPois}
Press: ? - help, Q - select action, (/) - cycle Shift-Dir - straight line, f/p - five-headed hydra
Aim: a five-headed hydra (almost dead, 85% to hit)
You shoot an arrow. The arrow hits the five-headed hydra.
The arrow burns the five-headed hydra.
The five-headed hydra is almost dead.
A wolf spider comes into view.
The howler monkey begins to attack, but is stunned by your conviction!
The five-headed hydra bites you but does no damage.
The five-headed hydra barely misses you.
The five-headed hydra bites you!
* * * LOW HITPOINT WARNING * * *
The five-headed hydra bites you.
* * * LOW HITPOINT WARNING * * *
The five-headed hydra bites you.
* * * LOW HITPOINT WARNING * * *
The wolf spider moves out of view.
You feel much better.
An efreet comes into view.
It is wielding a +2 scimitar of flaming.
The five-headed hydra barely misses you.
The five-headed hydra bites you but does no damage.
The five-headed hydra closely misses you. x2
The five-headed hydra bites you!
* * * LOW HITPOINT WARNING * * *
Fire: o) +5 longbow of an ice cave {flame, +Blink rPois}
Press: ? - help, Q - select action, (/) - cycle Shift-Dir - straight line, f/p - five-headed hydra
Aim: a five-headed hydra (almost dead, 85% to hit)
You shoot an arrow.
The arrow barely misses the five-headed hydra.
The arrow hits the centaur warrior!!
The arrow burns the centaur warrior.
The centaur warrior is almost dead.
The five-headed hydra bites you.
* * * LOW HITPOINT WARNING * * *
The five-headed hydra barely misses you. x2
The five-headed hydra bites you!
You die...

####...####........##
####..........##....#
.............####...#
.>...........# #...##
............## ##...#
##### ............#
#...# #...###
......#.....# #...#
###...#..
######################
#.....#.. ☼○.☼☼cD@§.§#
#.......) ○R°.hK#°..P#
###{....... { ☼°.☼.
#P.°☼###.......... {
☼☼.○
#○.°P#..........## ○..
#P○°°#.....!..###. {
○☼{ #.°☼P#..........#.
. #P.○○#..........#. #
{ #..°P#..........## #
{#P...#.........###


You could see a five-headed hydra, a centaur warrior (poisoned), an efreet, a
kobold brigand and a howler monkey.

Vanquished Creatures
  2 two-headed ogres (D:9)
  A hornet (D:9)
  Grinder (D:5)
  2 wraiths (D:9)
  A vampire (D:5)
  2 wyverns
  2 steam dragons
  2 acid dragons (D:9)
  2 water moccasins (D:8)
  An ice beast (D:7)
  2 black bears
  An orc warrior (D:7)
  A sky beast (D:8)
  4 centaurs
  3 phantoms
  A kobold brigand (D:7)
  Blork the orc (D:4)
  A necrophage (D:5)
  3 bullfrogs
  A gnoll sergeant (D:6)
  8 scorpions
  7 wights
  3 killer bees (D:8)
  11 electric eels
  A howler monkey (D:7)
  A centaur zombie (Ossuary)
  4 hounds
  Crazy Yiuf (D:4)
  3 human zombies (Ossuary)
  3 orc priests
  Natasha (thrice) (D:3)
  8 iguanas
  5 scorpion zombies (Ossuary)
  5 orc wizards
  3 mummies (Ossuary)
  4 gnolls (D:6)
  7 adders
  A shadow imp (D:7)
  3 white imps
  2 worms
  2 dart slugs
  20 orcs
  3 ball pythons (D:2)
  4 endoplasms
  2 giant cockroaches
  5 goblins
  9 hobgoblins
  10 kobolds
  4 quokkas
  4 goblin zombies (Ossuary)
  A hobgoblin zombie (Ossuary)
  2 kobold zombies (Ossuary)
  2 orc zombies (Ossuary)
185 creatures vanquished.

Vanquished Creatures (others)
  21 plants
21 creatures vanquished.

Grand Total: 206 creatures vanquished

Notes
Turn   | Place    | Note
-------+----------+-------------------------------------------
     0 | D:1      | purpskrrrp the Formicid Hunter began the quest for the Orb.
     0 | D:1      | Reached XP level 1. HP: 16/16 MP: 1/1
   241 | D:1      | Reached XP level 2. HP: 22/22 MP: 2/2
   955 | D:2      | Reached XP level 3. HP: 27/27 MP: 3/3
  1173 | D:2      | Identified the +1 ring mail of Boiling Hail {rPois rN+
                  | Dex-4}
  1381 | D:2      | Identified a scroll of acquirement
  1381 | D:2      | Acquired the +5 longbow of an ice cave {flame, +Blink
                  | rPois}
  1650 | D:3      | Reached skill level 5 in Ranged Weapons
  1702 | D:3      | Noticed Natasha
  1704 | D:3      | Killed Natasha
  1705 | D:3      | Reached XP level 4. HP: 33/33 MP: 4/4
  1793 | D:3      | Found a transporter.
  1983 | D:3      | Found a transporter.
  2022 | D:3      | Noticed Natasha
  2023 | D:3      | Killed Natasha
  2036 | D:3      | Identified the +6 dagger "Miamn" {drain, rN+ Int-4 Dex+4}
  2118 | D:3      | Noticed Natasha
  2122 | D:3      | Killed Natasha
  2123 | D:3      | Reached skill level 6 in Ranged Weapons
  2123 | D:3      | Reached XP level 5. HP: 38/38 MP: 5/5
  2275 | D:3      | Found a hide-covered altar of Uskayaw.
  2768 | D:4      | Noticed Blork the orc
  2771 | D:4      | Killed Blork the orc
  2772 | D:4      | Reached XP level 6. HP: 39/44 MP: 6/6
  2793 | D:4      | Reached skill level 7 in Ranged Weapons
  2940 | D:4      | Found a runed translucent door.
  2941 | D:4      | Noticed Crazy Yiuf
  3226 | D:4      | Killed Crazy Yiuf
  3282 | D:5      | Entered Level 5 of the Dungeon
  3333 | D:5      | Noticed Grinder
  3339 | D:5      | Reached XP level 7. HP: 50/50 MP: 7/7
  3341 | D:5      | Killed Grinder
  3342 | D:5      | Reached skill level 8 in Ranged Weapons
  3343 | D:5      | Found a sand-covered staircase.
  3354 | Ossuary  | Entered an ossuary
  3407 | Ossuary  | Reached skill level 9 in Ranged Weapons
  3412 | Ossuary  | Reached XP level 8. HP: 50/56 MP: 8/8
  3505 | Ossuary  | Reached skill level 10 in Ranged Weapons
  3861 | D:5      | Identified the +3 leather armour "Jethyun" {Harm Stlth+}
  3911 | D:5      | Reached skill level 11 in Ranged Weapons
  3919 | D:5      | Reached XP level 9. HP: 61/61 MP: 9/9
  3934 | D:5      | You fall into a shaft and drop 1 floor!
  3935 | D:6      | Found a staircase to the Ecumenical Temple.
  3969 | Temple   | Entered the Ecumenical Temple
  3969 | Temple   | Found a transporter.
  3969 | Temple   | Found a transporter.
  3971 | Temple   | Found a transporter.
  3971 | Temple   | Found a transporter.
  3987 | Temple   | Became a worshipper of Ru the Awakened
  4074 | D:6      | Found a transporter.
  4094 | D:6      | Found a transporter.
  4226 | D:6      | Reached skill level 12 in Ranged Weapons
  4847 | D:6      | Found Waisiy Povo's Antique Weapon Emporium.
  5032 | D:5      | Found a shadowy altar of Dithmenos.
  5067 | D:5      | Reached skill level 13 in Ranged Weapons
  5078 | D:5      | Identified the +0 chain mail of Jogoleobb {rC- rN+++}
  5364 | D:5      | Reached skill level 1 in Armour
  5576 | D:5      | Reached XP level 10. HP: 30/67 MP: 10/10
  6115 | D:7      | Gained mutation: You cannot study or use magical devices.
                  | [Ru sacrifice]
  6115 | D:7      | Reached * piety under Ru
  6115 | D:7      | Reached ** piety under Ru
  6353 | D:7      | Found a transporter.
  6375 | D:7      | Identified the ring of Xaituw {+Blink rC+ rCorr MP+9
                  | Slay-3}
  6385 | D:7      | Noticed sirJeffrey23's ghost (novice HOFi)
  6401 | D:7      | Found a transporter.
  6600 | D:7      | Reached skill level 14 in Ranged Weapons
  7572 | D:8      | Found a radiant altar of Vehumet.
  7627 | D:8      | Found a sparkling altar of Nemelex Xobeh.
  8033 | D:8      | Gained mutation: You are robust. (+10% HP) [potion of
                  | mutation]
  8033 | D:8      | Gained mutation: You are somewhat resistant to further
                  | mutation. [potion of mutation]
  8116 | D:9      | Reached skill level 5 in Armour
  8303 | D:9      | Found a staircase to the Lair.
  8566 | D:9      | Noticed a two-headed ogre
  8570 | D:9      | Killed a two-headed ogre
  8571 | D:9      | Reached skill level 15 in Ranged Weapons
  8571 | D:9      | Reached XP level 11. HP: 12/79 MP: 11/11
  8807 | D:9      | Gained mutation: You occasionally lose the ability to read
                  | scrolls when taking damage. [Ru sacrifice]
  8807 | D:9      | Gained mutation: You sometimes lose the ability to read
                  | scrolls when taking damage. [Ru sacrifice]
  8807 | D:9      | Reached *** piety under Ru
  8807 | D:9      | Reached **** piety under Ru
  8838 | D:9      | Found a stormy altar of Qazlal.
  8838 | D:9      | Found a white marble altar of Elyvilon.
  9028 | D:9      | Noticed a two-headed ogre
  9028 | D:9      | Noticed a centaur warrior
  9031 | D:9      | Noticed a five-headed hydra
  9036 | D:9      | Killed a two-headed ogre
  9041 | D:9      | Noticed a wolf spider
  9041 | D:9      | HP: 2/79 [five-headed hydra (4)]
  9043 | D:9      | Mangled by a five-headed hydra

Illustrated notes

Levels and vault maps discovered:
D:1:      amcnicky_arrival_gap_in_the_tavern_cellar, layout_basic
D:2:      layout_basic
D:3:      gammafunk_wand_slinger, layout_basic, lemuel_tele_altar,
          lightli_corner_chamber, uniq_natasha
D:4:      corexii_shack_village, layout_rooms, uniq_crazy_yiuf_cottage,
          uniq_blork_the_orc
D:5:      cheibrodos_two_vegetables, layout_basic, grunt_dithmenos_smoke,
          enter_ossuary_1, serial_park_tiny_1, due_unseen_surprise, uniq_grinder
D:6:      gammafunk_steamed_eel, layout_loops_cross, minmay_temple_entry_waves,
          serial_shops, nicolae_shop_advertising_works
          [nicolae_subvault_shop_adworks], serial_bayou_lagoon_b
D:7:      layout_loops_cross, gammafunk_ghost_gnarly_gnolls, kennysheep_dice
D:8:      layout_basic, mainiacjoe_overflow_catch_the_wave
D:9:      minmay_klotski, layout_cross, gammafunk_temple_overflow_statue,
          lair_entry_dummy
Temple:   hellmonk_temple_divided_pantheon

Skill      XL: |  1  2  3  4  5  6  7  8  9 10 11 |
---------------+----------------------------------+-----
Ranged Weapons | 5 6 7 9 11 13 15 | 15.6
Armour         | 1 5 6 |  6.7
Fighting       | |  2.1
Dodging        | |  1.7
Stealth        | |  1.2

Action                   |  1- 3 |  4- 6 |  7- 9 | 10-12 || total
-------------------------+-------+-------+-------+-------++-------
 Fire: Shortbow          |    42 |       |       |       ||    42
       Longbow           |     4 |    72 |   188 |   159 ||   423
Invok: Sacrifice Artific |       |       |       |     1 ||     1
       Sacrifice Words   |       |       |       |     1 ||     1
 Abil: Dig               |       |     1 |     1 |     1 ||     3
  Use: Scroll            |     4 |    16 |       |     9 ||    29
       Potion            |       |       |     1 |     4 ||     5
Armor: Leather armour    |     2 |     5 |    22 |    19 ||    48
       Chain mail        |       |       |     3 |    32 ||    35
Dodge: Dodged            |     3 |    14 |    50 |    67 ||   134

Table legend: (Time is in decaauts)
 A = Elapsed time spent in this place.
 B = Non-inter-level travel time spent in this place.
 C = Inter-level travel time spent in this place.
 D = Time resting spent in this place.
 E = Time spent auto-exploring this place.
 F = Levels seen in this place.
 G = Mean time per level.
                   A        B        C        D        E       F      G
               +--------+--------+--------+--------+--------+-----+--------+
         Total |   9232 |   8410 |    822 |   1824 |   5104 |  11 |  839.3 |
       Dungeon |   8695 |   7873 |    822 |   1824 |   4784 |   9 |  966.1 |
        Temple |     38 |     38 |      0 |      0 |      0 |   1 |   38.0 |
       Ossuary |    498 |    498 |      0 |      0 |    320 |   1 |  498.0 |
               +--------+--------+--------+--------+--------+-----+--------+

Top non-repeatable levels by time:
     D:6: 1287 daAuts
     D:5: 1270 daAuts
     D:7: 1157 daAuts
     D:3: 1105 daAuts
     D:8: 1059 daAuts
     D:2: 903 daAuts
     D:1: 737 daAuts
     D:9: 598 daAuts
     D:4: 575 daAuts
 Ossuary: 498 daAuts
  Temple: 38 daAuts
